 Dungeon Crawl Stone Soup version 0.30.0-17-ge0270778cf (webtiles) character file.

Game seed: 6863821630263816591

91 SleepySteel the Trooper (level 4, -1/37 (39) HPs)
             Began as a Demonspawn Gladiator on May 21, 2023.
             Slain by a hell rat (13 damage)
             ... in a sewer.
             The game lasted 00:06:18 (2296 turns).

SleepySteel the Trooper (Demonspawn Gladiator)      Turns: 2296, Time: 00:06:23

HP:   -1/37 (39)    AC: 12    Str: 14    XL:     4   Next: 34%
MP:   4/4           EV:  9    Int: 10    God:
Gold: 160           SH:  3    Dex: 16    Spells: 3/3 levels left

rFire   x . .        a - +0 long sword
rCold   + + .        w - +0 buckler
rNeg    . . .        k - +0 ice dragon scales
rPois   .            c - +0 helmet
rElec   .            H - +0 cloak
rCorr   +            (no gloves)
SInv    .            (no boots)
Will    .....        K - amulet of the acrobat Stlth
                     D - ring of resist corrosion
HPRegen 0.26/turn    (no ring)
MPRegen 0.09/turn

%: acrobat
@: drained
A: rugged brown scales 1
a: no special abilities


You were in a sewer.
You visited 1 branch of the dungeon, and saw 4 of its levels.
You also visited: Sewer.

You collected 160 gold pieces.

Inventory:

Hand Weapons
 a - a +0 long sword (weapon)
 h - a +2 dagger of draining
 q - a +3 sling
 y - a +4 mace
Missiles
 e - a javelin (quivered)
 z - 3 boomerangs
 F - 6 stones
 G - 5 poisoned darts
Armour
 b - a +0 leather armour
 c - a +0 helmet (worn)
 k - +0 ice dragon scales (worn)
 w - a +0 buckler (worn)
 H - a +0 cloak (worn)
Jewellery
 l - an amulet of faith
 D - a ring of resist corrosion (left hand)
 K - an amulet of the acrobat (around neck)
Wands
 E - a wand of light (10)
Scrolls
 f - a scroll of magic mapping {unknown}
 j - a scroll of enchant armour {unknown}
 m - a scroll of teleportation
 t - a scroll of vulnerability
 u - 2 scrolls of immolation {unknown}
 x - a scroll of noise {unknown}
 B - a scroll of silence
 C - a scroll of amnesia {unknown}
 I - a scroll of summoning {unknown}
 M - a scroll of identify {unknown}
Potions
 g - 3 potions of attraction {unknown}
 i - 3 potions of lignification {unknown}
 n - 3 potions of haste {unknown}
 o - 4 potions of berserk rage {unknown}
 p - 2 potions of flight {unknown}
 r - a potion of brilliance {unknown}
 s - 2 potions of curing {unknown}
 v - a potion of mutation {unknown}
 A - a potion of invisibility {unknown}
 J - a potion of cancellation {unknown}
 L - a potion of ambrosia {unknown}


   Skills:
 * Level 4.6 Fighting
 - Level 2.6 Long Blades
 - Level 1.7 Throwing
 - Level 2.6 Dodging


You had 3 spell levels left.
You didn't know any spells.
Your spell library was empty.

Dungeon Overview and Level Annotations

Branches:
Dungeon (4/15)              Sewer (1/1)
 Temple: D:4-7

Altars:
Gozag


Innate Abilities, Weirdness & Mutations

You are partially covered in rugged brown scales. (AC +1, +3% HP)


Message History

The hell rat moves out of view.
Found four items.
Found a gate leading back out of this place.
Found a murky emerald potion, an emerald potion and a smoky yellow potion.
There is an open door here.
You hit the hell rat.
The hell rat is moderately wounded.
The hell rat bites you but does no damage.
The hell rat barely misses you.
You closely miss the hell rat.
The hell rat is moderately wounded.
The hell rat bites you!
You hit the hell rat.
The hell rat is heavily wounded.
The hell rat bites you. The hell rat barely misses you.
You barely miss the hell rat.
The hell rat is heavily wounded.
The hell rat bites you.
You feel drained. The hell rat barely misses you.
You are too injured to fight recklessly!
You don't know any spells.
Unknown command.
Throw: 3 throwing nets
Press: ? - help, Shift-Dir - straight line, f - hell rat
Aim: a hell rat (heavily wounded, 62% to hit)
You throw a throwing net.
The throwing net barely misses the hell rat.
The hell rat bites you but does no damage.
Throw: 2 throwing nets
Press: ? - help, Shift-Dir - straight line, f/p - hell rat
Aim: a hell rat (heavily wounded, 62% to hit)
You throw a throwing net.
The throwing net barely misses the hell rat.
The hell rat barely misses you.
Throw: throwing net
Press: ? - help, Shift-Dir - straight line, f/p - hell rat
Aim: a hell rat (heavily wounded, 62% to hit)
You throw a throwing net.
The throwing net closely misses the hell rat.
The hell rat bites you!
You die...

#########
###~~†..~.###
###~.†.~~@.~~.#
#~~~~~##r##~.~~.#
##~~~###.~~###~..#
#.~~##.~~~~~. ~..#
#.†.#~(~~~~~~.# ..#
#.~~##~!!?!!~##...#
##..~###?∩!###~.~ #
#....~#####~~~~.
###~~...∩~~~~~#


You could see a hell rat.

Vanquished Creatures
  3 river rats (Sewer)
  2 worms
  A dart slug (D:2)
  An orc (D:3)
  5 endoplasms
  4 giant cockroaches
  3 goblins
  6 hobgoblins
  3 jackals (D:2)
  3 kobolds
  A quokka (D:3)
  4 ball pythons
  4 bats
  3 frilled lizards
  11 rats
54 creatures vanquished.

Notes
Turn   | Place    | Note
-------+----------+-------------------------------------------
     0 | D:1      | SleepySteel the Demonspawn Gladiator began the quest for
                  | the Orb.
     0 | D:1      | Reached XP level 1. HP: 16/16 MP: 1/1
   280 | D:1      | Gained mutation: You are partially covered in rugged brown
                  | scales. (AC +1, +3% HP) [demonic ancestry]
   280 | D:1      | Reached XP level 2. HP: 15/23 MP: 2/2
   414 | D:1      | Reached skill level 3 in Fighting
   961 | D:2      | Reached XP level 3. HP: 29/29 MP: 3/3
  1509 | D:3      | Reached skill level 4 in Fighting
  1520 | D:3      | Found an opulent altar of Gozag.
  2138 | D:4      | Found a glowing drain.
  2194 | Sewer    | Entered a sewer
  2208 | Sewer    | Reached XP level 4. HP: 39/39 MP: 4/4
  2296 | Sewer    | Slain by a hell rat

Illustrated notes

Levels and vault maps discovered:
D:1:      giann_bridges, layout_basic
D:2:      layout_loops_cross
D:3:      layout_basic, nicolae_gozag_seed_capital, minmay_fountain_box
D:4:      layout_cave_pools, cheibrodos_sewer_entry_sluice, kennysheep_donut,
          chequers_serial_rivers_room_a
Sewer:    sewer_hellmonk_bad_rat

Skill      XL: |  1  2  3 |
---------------+----------+-----
Fighting       | 3 4 |  4.6
Long Blades    | |  2.6
Throwing       | |  1.7
Dodging        | |  2.6

Action                     |  1- 3 |  4- 6 || total
---------------------------+-------+-------++-------
  Melee: Long sword        |   136 |    30 ||   166
  Throw: Throwing net      |       |     3 ||     3
    Use: Scroll            |     3 |       ||     3
 Armour: Ice dragon scales |    57 |     9 ||    66
  Dodge: Dodged            |    80 |    19 ||    99
  Block: Buckler           |    12 |     3 ||    15
